[Event "Early Titled Tuesday Blitz | February 8 2022"]
[White "Aaditya Dhingra"]
[Black "Costachi, Mihnea"]
[WhiteFideId "25678191"]
[BlackFideId "1217518"]
[WhiteElo "1789"]
[BlackElo "2464"]
[Result "0-1"]
[Round "01"]
[TimeControl "180+1"]
[Date "2022.02.08"]
[WhiteClock "0:00:34"]
[BlackClock "0:00:45"]

1. e4 c5 2. Nf3 d6 3. d4 cxd4 4. Nxd4 Nf6 5. Nc3 Nc6 6. Bc4 e6 7. Be3 a6 8. Bb3 Bd7 9. Qe2 b5 10. f3 Be7 11. g4 O-O 12. g5 Ne8 13. Nxc6 Bxc6 14. Rg1 b4 15. Nb1 a5 16. a4 d5 17. exd5 Bxd5 18. Nd2 Nd6 19. O-O-O Nf5 20. Ne4 Rc8 21. Kb1 Qc7 22. Nf6+ Bxf6 23. gxf6 g6 24. Bxd5 exd5 25. Rxd5 Nxe3 26. Qxe3 Qxc2+ 27. Ka1 Qxa4+ 28. Kb1 b3 29. Rc5 Qa2+ 30. Kc1 Qa1+ 31. Kd2 Qxb2+ 32. Ke1 Rce8 0-1


[Site "https://www.chess.com"]

[Event "Early Titled Tuesday Blitz | February 8 2022"]
[White "Abdusattorov, Nodirbek"]
[Black "Golizadeh, Asghar"]
[WhiteFideId "14204118"]
[BlackFideId "12505269"]
[WhiteElo "2663"]
[BlackElo "2403"]
[Result "1-0"]
[Round "01"]
[TimeControl "180+1"]
[Date "2022.02.08"]
[WhiteClock "0:01:20"]
[BlackClock "0:00:01"]

1. e4 c5 2. Nf3 d6 3. d4 cxd4 4. Nxd4 Nf6 5. Nc3 a6 6. Be2 e5 7. Nb3 Be7 8. Be3 Be6 9. O-O O-O 10. Qd3 b5 11. Nd5 Bxd5 12. exd5 Nbd7 13. a4 bxa4 14. Rxa4 Nb6 15. Ra5 Qc7 16. c4 Nfd7 17. Rfa1 f5 18. Rxa6 Rxa6 19. Rxa6 f4 20. Bxb6 Nxb6 21. Nd2 Nd7 22. b4 Qb7 23. Ra4 Ra8 24. Rxa8+ Qxa8 25. Qb1 Qa3 26. Ne4 Nb6 27. h3 h6 28. c5 Nxd5 29. Bc4 Kh8 30. Bxd5 dxc5 31. bxc5 Bxc5 32. Nxc5 Qxc5 33. Qb8+ Kh7 34. Qg8+ Kg6 35. Qf7+ Kg5 36. Qxg7+ Kf5 37. Qf7+ Kg5 38. h4+ Kxh4 39. Qf6+ Kh5 40. Bf3# 1-0


[Site "https://www.chess.com"]

[Event "Early Titled Tuesday Blitz | February 8 2022"]
[White "Agibileg, Uurtsaikh"]
[Black "Ardila, Oscar Humberto"]
[WhiteFideId "4901606"]
[BlackFideId "4404742"]
[WhiteElo "2205"]
[BlackElo "1898"]
[Result "1-0"]
[Round "01"]
[TimeControl "180+1"]
[Date "2022.02.08"]
[WhiteClock "0:00:11"]
[BlackClock "0:00:01"]

1. d4 Nf6 2. c4 e6 3. Nc3 c5 4. d5 exd5 5. cxd5 d6 6. e4 Nbd7 7. Nf3 Be7 8. Bd3 O-O 9. O-O a6 10. a4 Qc7 11. Re1 Ng4 12. Bf4 Nge5 13. Nxe5 Nxe5 14. Bxe5 dxe5 15. a5 Bd6 16. Qd2 Bd7 17. Na4 Rad8 18. Nb6 Bg4 19. h3 Bh5 20. Be2 Bg6 21. Bg4 h5 22. Bf3 Qe7 23. b3 Qf6 24. Rad1 Qf4 25. Qxf4 exf4 26. e5 Bc7 27. Nc4 Bc2 28. d6 Bb8 29. Rc1 Bxb3 30. Nd2 Be6 31. Bxb7 Ba7 32. Bxa6 Rb8 33. Bc4 Rb4 34. Bxe6 fxe6 35. Re4 Rfb8 36. Rxb4 Rxb4 37. Nc4 Kf7 38. Kf1 Ke8 39. Ke2 Kd7 40. Kf3 g5 41. h4 Rb3+ 42. Ke4 gxh4 43. Kxf4 Rb4 44. Kg5 Kc6 45. Kxh4 Bb8 46. Kxh5 Rb3 47. f4 Rd3 48. Rb1 Ba7 49. a6 Rd4 50. Na5+ Kd5 51. Rb7 Ke4 52. Rxa7 Kxf4 53. Nc6 Rd5 54. Ne7 Rxe5+ 55. Kg6 Rg5+ 56. Kf6 Rxg2 57. Kxe6 c4 58. d7 Rd2 59. Nd5+ Ke4 60. d8=Q c3 61. Re7 Kd3 62. Nf4+ Kc2 63. Qc8 Rd4 64. Rc7 1-0


[Site "https://www.chess.com"]

[Event "Early Titled Tuesday Blitz | February 8 2022"]
[White "Al Hosani, Omran"]
[Black "Muradov, Soltan"]
[WhiteFideId "9308733"]
[BlackFideId "14002108"]
[WhiteElo "2246"]
[BlackElo "1854"]
[Result "1-0"]
[Round "01"]
[TimeControl "180+1"]
[Date "2022.02.08"]
[WhiteClock "0:00:02"]
[BlackClock "0:00:07"]

1. d4 Nf6 2. Nf3 e6 3. g3 b6 4. Bg2 Bb7 5. O-O c5 6. e3 Be7 7. b3 d6 8. Bb2 Nbd7 9. a3 O-O 10. c4 cxd4 11. exd4 Qc7 12. Nbd2 Ne4 13. Rc1 Ndf6 14. Re1 Rac8 15. Qc2 Nxd2 16. Qxd2 b5 17. cxb5 Qb6 18. a4 Bd5 19. Qd3 h6 20. b4 Qb7 21. Nh4 Rxc1 22. Rxc1 Rc8 23. Rxc8+ Qxc8 24. h3 g5 25. Nf3 Be4 26. Qd2 Qc4 27. Qc3 Qe2 28. a5 Nd5 29. Qb3 Qxb5 30. Ne1 Qe2 31. Nf3 a6 32. Nh2 Bc2 33. Qf3 Qe1+ 34. Nf1 Qxb4 35. Bc1 Bg6 36. h4 Qxa5 37. hxg5 hxg5 38. Qe2 Qc3 39. Bxd5 exd5 40. Qxe7 Qxc1 41. Qd8+ Kh7 42. Qe7 Kg7 43. Qxd6 Bd3 44. Qe5+ f6 45. Qe7+ Kg6 46. Qe8+ Kf5 47. Qd7+ Kg6 48. Qe8+ Kf5 49. Qd7+ Ke4 50. Qe6+ Kxd4 51. Qxf6+ Ke4 52. f3# 1-0


[Site "https://www.chess.com"]

[Event "Early Titled Tuesday Blitz | February 8 2022"]
[White "Al Mukhaini, Shima"]
[Black "Gelman, Alexander"]
[WhiteFideId "22005854"]
[BlackFideId "4118316"]
[WhiteElo "2389"]
[BlackElo "2375"]
[Result "0-1"]
[Round "01"]
[TimeControl "180+1"]
[Date "2022.02.08"]
[WhiteClock "0:00:06"]
[BlackClock "0:01:02"]

1. b3 b6 2. Bb2 Bb7 3. f3 c5 4. e4 e6 5. c4 Nf6 6. Ne2 d5 7. d3 Be7 8. g3 h5 9. h4 Qc7 10. Bg2 Nc6 11. Nbc3 a6 12. Qd2 O-O-O 13. O-O-O dxc4 14. bxc4 Nb4 15. Qe3 Nd7 16. a3 Nc6 17. f4 Nf6 18. Bf3 Kb8 19. Kb1 Nd4 20. Qf2 Nxf3 21. Qxf3 Ng4 22. Rd2 f5 23. Rhd1 Rd7 24. Ng1 Rhd8 25. Nh3 Bf6 26. Kc2 Bd4 27. Ng5 Qc6 28. Re1 b5 29. Rde2 b4 30. Nd1 Qa4+ 31. Kb1 Bxb2 32. Nxb2 Qxa3 33. Nxe6 Rxd3 34. Nxd3 Rxd3 35. Qxd3 Qxd3+ 0-1


[Site "https://www.chess.com"]

[Event "Early Titled Tuesday Blitz | February 8 2022"]
[White "Albertini, Luca"]
[Black "Ezat, Mohamed"]
[WhiteFideId "847038"]
[BlackFideId "10600906"]
[WhiteElo "2207"]
[BlackElo "2386"]
[Result "0-1"]
[Round "01"]
[TimeControl "180+1"]
[Date "2022.02.08"]
[WhiteClock "0:00:09"]
[BlackClock "0:00:18"]

1. e4 c6 2. d4 d5 3. e5 c5 4. dxc5 Nc6 5. f4 Bf5 6. c3 e6 7. Be3 Nh6 8. Nf3 Bg4 9. Bb5 Nf5 10. Bf2 Be7 11. O-O O-O 12. Bxc6 bxc6 13. b4 a5 14. Nbd2 f6 15. Qc2 Qb8 16. a3 Qb5 17. h3 Bxf3 18. Nxf3 Qc4 19. Qd2 h5 20. Rfe1 Ra6 21. Nd4 Nxd4 22. Bxd4 fxe5 23. Bxe5 Bf6 24. Qe2 Qxe2 25. Rxe2 Kf7 26. Rae1 Bh4 27. Rf1 g6 28. Bd6 Rfa8 29. Rf3 axb4 30. axb4 Ra2 31. Rxa2 Rxa2 32. g3 Bf6 33. Be5 Be7 34. Rf2 Ra1+ 35. Kg2 Rb1 36. Kf3 g5 37. fxg5 Bxg5 38. Kg2+ Kg6 39. h4 Be7 40. Kf3 Re1 41. Bd6 Bf6 42. Rc2 Kf7 43. b5 cxb5 44. c6 Ke8 45. c7 Kd7 46. Ra2 Rc1 47. Bb4 Bxc3 48. Bxc3 Rxc3+ 49. Kf4 Rc4+ 50. Kg5 Rg4+ 51. Kxh5 Rxg3 52. Rc2 Kc8 53. Kh6 d4 0-1


[Site "https://www.chess.com"]

[Event "Early Titled Tuesday Blitz | February 8 2022"]
[White "Aloma Vidal, Robert"]
[Black "Oye-Stromberg, Alexander"]
[WhiteFideId "2260409"]
[BlackFideId "1525999"]
[WhiteElo "2435"]
[BlackElo "1934"]
[Result "1-0"]
[Round "01"]
[TimeControl "180+1"]
[Date "2022.02.08"]
[WhiteClock "0:02:01"]
[BlackClock "0:00:58"]

1. e4 e6 2. d4 d5 3. e5 c5 4. c3 Nc6 5. Nf3 Qb6 6. a3 cxd4 7. cxd4 Nge7 8. b4 Nf5 9. Be3 Bd7 10. Bd3 Be7 11. O-O O-O 12. Nc3 a5 13. Bxf5 axb4 14. axb4 Rxa1 15. Qxa1 exf5 16. Nxd5 Qd8 17. b5 Nb8 18. Nxe7+ Qxe7 19. d5 Bxb5 20. Rc1 Bd3 21. Bc5 Qe8 22. Qa3 Be4 23. Bxf8 1-0


[Site "https://www.chess.com"]

[Event "Early Titled Tuesday Blitz | February 8 2022"]
[White "Al-Tarboush, Ward"]
[Black "Van Foreest, Jorden"]
[WhiteFideId "7601450"]
[BlackFideId "1039784"]
[WhiteElo "2276"]
[BlackElo "2609"]
[Result "1-0"]
[Round "01"]
[TimeControl "180+1"]
[Date "2022.02.08"]
[WhiteClock "0:00:55"]
[BlackClock "0:01:06"]

1. e4 c6 2. Nf3 d5 3. Nc3 dxe4 4. Nxe4 Nf6 5. Nxf6+ exf6 6. Bc4 Bd6 7. Qe2+ Qe7 8. Qxe7+ Bxe7 9. O-O O-O 10. Re1 Bd6 11. d4 Nd7 12. Bd3 Rd8 13. c4 Nf8 14. Be3 Bg4 15. a3 Bxf3 16. gxf3 Ne6 17. Rad1 Bf4 18. Bf5 Bxe3 19. fxe3 Ng5 20. Kf2 g6 21. Bc2 Rd6 22. d5 cxd5 23. cxd5 f5 24. h4 Rc8 25. Bb1 Rd7 26. hxg5 Rc5 27. e4 f4 28. Rc1 Rb5 29. b4 Rb6 30. Rc8+ Kg7 31. Rec1 Ra6 32. R1c3 h6 33. Bd3 Rad6 34. gxh6+ Kxh6 35. R3c7 a6 36. Bc4 f6 37. a4 Kg5 38. b5 a5 39. b6 Kh6 40. Bb5 Rd8 41. Rxd8 Rxd8 42. Rxb7 f5 43. Rd7 Rb8 44. b7 Kg5 45. Bc6 Rh8 46. Rc7 fxe4 47. fxe4 Kg4 48. Bd7+ Kg5 49. Rc8 Rh2+ 50. Kg1 Re2 51. b8=Q Rxe4 52. Rg8 Re3 53. Qd8+ 1-0


[Site "https://www.chess.com"]

[Event "Early Titled Tuesday Blitz | February 8 2022"]
[White "Arabidze, Meri"]
[Black "Sliwicki, Damian"]
[WhiteFideId "13604040"]
[BlackFideId "1127128"]
[WhiteElo "2329"]
[BlackElo "2084"]
[Result "1-0"]
[Round "01"]
[TimeControl "180+1"]
[Date "2022.02.08"]
[WhiteClock "0:00:33"]
[BlackClock "0:00:04"]

1. Nf3 c5 2. c4 Nc6 3. Nc3 g6 4. e3 Bg7 5. d4 cxd4 6. exd4 d6 7. d5 Nb8 8. Be2 Nf6 9. O-O O-O 10. Bg5 Bg4 11. Re1 Bxf3 12. Bxf3 Nbd7 13. Rc1 a5 14. b3 Re8 15. g3 b6 16. Bg2 Rc8 17. Nb5 Nc5 18. Na7 Rc7 19. Nc6 Qc8 20. Rc2 Qf5 21. h4 Nce4 22. Be3 e6 23. Bxb6 Rb7 24. Bxa5 exd5 25. cxd5 Nxd5 26. Rce2 Ndf6 27. b4 d5 28. Nd4 Qc8 29. Nb3 Re6 30. Bh3 Nc3 31. Bxe6 fxe6 32. Qd2 Nxe2+ 33. Qxe2 Re7 34. Nc5 e5 35. Qa6 Qf8 36. Ne6 Qf7 37. Nxg7 Kxg7 38. Qe2 e4 39. b5 d4 40. Bb4 d3 41. Qd2 Rd7 42. Bc3 Kg8 43. Bxf6 Qxf6 44. Rxe4 Qf3 45. Re3 Qd5 46. a4 Qc4 47. b6 Qc2 48. b7 Qxd2 49. b8=Q+ Kg7 50. Re8 Qd1+ 51. Kg2 Qg4 52. Rg8+ Kh6 53. Qf8+ Kh5 54. Qc5+ Qf5 55. Qe3 Qd5+ 56. f3 d2 57. g4+ Kxh4 58. Qh6+ Qh5 59. gxh5 d1=Q 60. hxg6# 1-0


[Site "https://www.chess.com"]

[Event "Early Titled Tuesday Blitz | February 8 2022"]
[White "Artemenko, Oleg"]
[Black "Lakshmi C"]
[WhiteFideId "14201798"]
[BlackFideId "25035347"]
[WhiteElo "2287"]
[BlackElo "1775"]
[Result "1-0"]
[Round "01"]
[TimeControl "180+1"]
[Date "2022.02.08"]
[WhiteClock "0:01:27"]
[BlackClock "0:00:06"]

1. d4 Nf6 2. Nc3 d5 3. Bf4 e6 4. Nb5 Na6 5. e3 c6 6. Nc3 Bd6 7. Bxa6 bxa6 8. Nf3 O-O 9. O-O c5 10. Na4 c4 11. c3 Rb8 12. Rb1 Bxf4 13. exf4 Ne4 14. Nd2 f5 15. f3 Nd6 16. Nc5 Rf6 17. Re1 Rh6 18. Qe2 Kf7 19. Nf1 Rb6 20. g3 Ne8 21. b3 cxb3 22. axb3 Nc7 23. Ne3 Rf6 24. Nd1 h6 25. Nf2 g5 26. fxg5 hxg5 27. Nfd3 Rh6 28. Ne5+ Kg8 29. Ra1 Qd6 30. f4 g4 31. Ned3 Nb5 32. Qd2 Qf8 33. Re2 Qf6 34. Rae1 Nc7 35. Qa2 Qg7 36. Qa4 Nb5 37. Qa5 Qc7 38. Ne5 Rb7 39. Nxb7 Qxb7 40. Qd8+ Kh7 41. Nf7 Qxf7 42. Qxc8 Rg6 43. Rxe6 Nd6 44. Rxd6 Rxd6 45. Re5 Kg6 46. Qh8 Rb6 47. Qh4 Rxb3 48. Qg5+ Kh7 49. Re7 Rb1+ 50. Kf2 Rb2+ 51. Ke3 Qxe7+ 52. Qxe7+ Kg6 53. Qe6+ Kg7 54. Qxf5 Rxh2 55. Qxg4+ Kf6 56. Qg5+ Ke6 57. f5+ Kd7 58. f6 Ke8 59. Qg8+ Kd7 60. f7 Rc2 61. f8=Q Rxc3+ 62. Kd2 Rb3 63. Qxd5+ Kc7 64. Qfd8# 1-0


[Site "https://www.chess.com"]

[Event "Early Titled Tuesday Blitz | February 8 2022"]
[White "Avazkhonov, Alikhon"]
[Black "Fawzy, Adham"]
[WhiteFideId "14208504"]
[BlackFideId "10613129"]
[WhiteElo "1739"]
[BlackElo "2510"]
[Result "0-1"]
[Round "01"]
[TimeControl "180+1"]
[Date "2022.02.08"]
[WhiteClock "0:00:01"]
[BlackClock "0:00:59"]

1. f4 c5 2. Nf3 Nc6 3. g3 g6 4. Bg2 Bg7 5. O-O d6 6. d3 e5 7. e4 Nge7 8. Nc3 O-O 9. f5 gxf5 10. Nh4 Nd4 11. Bg5 f6 12. Be3 fxe4 13. dxe4 f5 14. Bg5 Bf6 15. Bxf6 Rxf6 16. exf5 Nexf5 17. Nd5 Rf7 18. Qh5 Be6 19. c3 Nxh4 20. gxh4 Nf5 21. Be4 Rg7+ 22. Kh1 Qxh4 23. Qxh4 Nxh4 24. Nf6+ Kh8 25. Rg1 Rf8 26. Rxg7 Kxg7 27. Nh5+ Kh6 0-1


[Site "https://www.chess.com"]

[Event "Early Titled Tuesday Blitz | February 8 2022"]
[White "Baches Garcia, Guillermo"]
[Black "Mekhitarian, Krikor Sevag"]
[WhiteFideId "2209764"]
[BlackFideId "2107660"]
[WhiteElo "2448"]
[BlackElo "2598"]
[Result "0-1"]
[Round "01"]
[TimeControl "180+1"]
[Date "2022.02.08"]
[WhiteClock "0:00:01"]
[BlackClock "0:00:40"]

1. e4 c5 2. Nf3 g6 3. d4 cxd4 4. Qxd4 Nf6 5. c4 Nc6 6. Qe3 Bg7 7. Be2 O-O 8. O-O Qb6 9. Nc3 d6 10. h3 Qxe3 11. Bxe3 Be6 12. Rac1 Rfc8 13. b3 a6 14. Na4 Nd7 15. Nb6 Nxb6 16. Bxb6 Nb4 17. a3 Nc6 18. Rc2 Nb8 19. Nd4 Bd7 20. Rd1 Kf8 21. b4 a5 22. b5 Bxd4 23. Bxd4 Bxb5 24. Rb1 Bc6 25. f3 Nd7 26. Kf2 e5 27. Be3 Ke7 28. h4 f6 29. g4 Nc5 30. Rd2 Ne6 31. Rbd1 Rd8 32. Bb6 Rd7 33. Ke3 Ba4 34. Rb1 Bc6 35. Rdb2 Nc5 36. Bd1 Ke6 37. Bc2 Rf7 38. Rh1 Nd7 39. h5 g5 40. h6 Nxb6 41. Rxb6 Kd7 0-1


[Site "https://www.chess.com"]

[Event "Early Titled Tuesday Blitz | February 8 2022"]
[White "Bacrot, Etienne"]
[Black "Dounis, Alexandros"]
[WhiteFideId "605506"]
[BlackFideId "4213238"]
[WhiteElo "2673"]
[BlackElo "2195"]
[Result "1-0"]
[Round "01"]
[TimeControl "180+1"]
[Date "2022.02.08"]
[WhiteClock "0:00:12"]
[BlackClock "0:00:06"]

1. e4 e5 2. Nf3 Nc6 3. Bb5 a6 4. Ba4 g6 5. O-O Bg7 6. c3 d6 7. d4 Bd7 8. Bg5 Nf6 9. Nbd2 h6 10. Bh4 g5 11. Bg3 O-O 12. Re1 Nh5 13. Bxc6 Bxc6 14. d5 Be8 15. Nf1 f5 16. exf5 Rxf5 17. Ne3 Rf8 18. Qb3 b6 19. Rad1 Rxf3 20. gxf3 Qf6 21. Kg2 Nf4+ 22. Bxf4 gxf4 23. Nc4 Bh5 24. Nd2 Kh8 25. Qc4 Qf7 26. Kf1 Bg6 27. Ne4 Bf5 28. Ke2 b5 29. Qd3 Rb8 30. Rg1 a5 31. Kd2 b4 32. c4 a4 33. Kc1 Qd7 34. h4 b3 35. a3 Rf8 36. Kd2 Rf7 37. Ke2 Qe7 38. h5 Qh4 39. Rh1 Qe7 40. Rdg1 Rf8 41. Rh2 Rf7 42. Rhg2 Qf8 43. Kd2 Qe7 44. Qc3 Qd7 45. Qb4 Bxe4 46. fxe4 Qh3 47. Qb8+ Kh7 48. Qe8 Qd7 49. Qxd7 Rxd7 50. Rg6 Kg8 51. Rxh6 Kf8 52. Rhg6 Rf7 53. h6 Bf6 54. Kc3 Ke7 55. Kb4 Rh7 56. Rg7+ Bxg7 57. hxg7 1-0


[Site "https://www.chess.com"]

[Event "Early Titled Tuesday Blitz | February 8 2022"]
[White "Bashirli, Saadat"]
[Black "Kuzmin, Roman"]
[WhiteFideId "13429990"]
[BlackFideId "44134932"]
[WhiteElo "1173"]
[BlackElo "1978"]
[Result "0-1"]
[Round "01"]
[TimeControl "180+1"]
[Date "2022.02.08"]
[WhiteClock "0:00:09"]
[BlackClock "0:00:27"]

1. d4 d5 2. Bg5 Nf6 3. Nd2 e6 4. e4 dxe4 5. Nxe4 Be7 6. Bxf6 gxf6 7. c3 f5 8. Nd2 b6 9. Ngf3 Bb7 10. Bc4 Nd7 11. Qe2 Nf6 12. Ne5 Bd5 13. Bb5+ Kf8 14. Ndf3 Rg8 15. Rg1 a6 16. Bd3 c5 17. dxc5 bxc5 18. c4 Be4 19. Bxe4 fxe4 20. Nd2 Qd6 21. f4 Rb8 22. Rb1 Qd4 23. Rf1 Rb6 24. Nb3 Qd6 25. Rd1 Qc7 26. Qe3 Rxg2 27. Rf2 Rg1+ 28. Rf1 Rxf1+ 29. Kxf1 a5 30. Nxa5 Rxb2 31. Nac6 Rxa2 32. Nxe7 Kxe7 33. Qb3 Ra8 34. Qb5 Kf8 35. Nc6 Qxf4+ 36. Ke1 Ra2 37. Qxc5+ Kg7 38. Qg1+ Ng4 39. Qd4+ f6 40. Qd7+ Kh6 41. Rd2 Qe3+ 42. Kd1 Nf2+ 43. Kc1 Nd3+ 44. Kd1 Rxd2# 0-1


[Site "https://www.chess.com"]

[Event "Early Titled Tuesday Blitz | February 8 2022"]
[White "Beerdsen, Thomas"]
[Black "Begunov, Konstantin"]
[WhiteFideId "1030108"]
[BlackFideId "4118510"]
[WhiteElo "2585"]
[BlackElo "2262"]
[Result "1-0"]
[Round "01"]
[TimeControl "180+1"]
[Date "2022.02.08"]
[WhiteClock "0:02:51"]
[BlackClock "0:01:53"]

1. e4 c5 2. Nf3 d6 3. d4 cxd4 4. Nxd4 Nf6 5. Nc3 a6 6. a3 e5 7. Nf5 Bxf5 8. exf5 d5 9. Bg5 d4 10. Ne4 Be7 11. Bxf6 Bxf6 12. Bd3 Nc6 13. O-O g6 14. Qf3 Bg5 15. g3 Qe7 16. f6 1-0


[Site "https://www.chess.com"]

[Event "Early Titled Tuesday Blitz | February 8 2022"]
[White "Berezin, Viktor"]
[Black "FGHSMN"]
[WhiteFideId "14107872"]
[WhiteElo "2310"]
[BlackElo "2776"]
[Result "0-1"]
[Round "01"]
[TimeControl "180+1"]
[Date "2022.02.08"]
[WhiteClock "0:00:09"]
[BlackClock "0:00:42"]

1. d4 d5 2. c4 e6 3. Nf3 a6 4. Qc2 Nf6 5. g3 dxc4 6. Qxc4 b5 7. Qc2 Bb7 8. Bg2 Nbd7 9. O-O c5 10. a3 Rc8 11. Qd1 Be7 12. dxc5 Nxc5 13. Nbd2 O-O 14. b3 Nce4 15. Bb2 Nxd2 16. Nxd2 Bxg2 17. Kxg2 Qb6 18. Rc1 Qb7+ 19. f3 Nd5 20. Bd4 Bxa3 21. Rxc8 Rxc8 22. Qa1 Bc5 23. Ne4 Bxd4 24. Qxd4 Qc6 25. Rd1 h6 26. Kh3 Qc2 27. Nd6 Rd8 28. Nb7 Rb8 29. Nc5 Qxe2 30. Nxa6 Ne3 31. Rd3 Qg2+ 32. Kh4 Qxh2# 0-1


[Site "https://www.chess.com"]

[Event "Early Titled Tuesday Blitz | February 8 2022"]
[White "Bernadskiy, Vitaliy"]
[Black "Bugayev, Vladimir"]
[WhiteFideId "14100371"]
[BlackFideId "30901480"]
[WhiteElo "2473"]
[BlackElo "2367"]
[Result "1-0"]
[Round "01"]
[TimeControl "180+1"]
[Date "2022.02.08"]
[WhiteClock "0:02:16"]
[BlackClock "0:01:35"]

1. e4 c6 2. d4 d5 3. exd5 cxd5 4. Bd3 Nc6 5. c3 Nf6 6. h3 e5 7. dxe5 Nxe5 8. Nf3 Nxd3+ 9. Qxd3 Bd6 10. O-O O-O 11. Bg5 h6 12. Bh4 g5 13. Bg3 Bxg3 14. fxg3 Ne4 15. Nd4 f5 16. Nd2 Qb6 17. g4 Qxb2 18. Nxe4 fxe4 19. Rxf8+ Kxf8 20. Rf1+ Ke7 21. Qg3 Qb6 22. Qe5+ Qe6 23. Nxe6 1-0


[Site "https://www.chess.com"]

[Event "Early Titled Tuesday Blitz | February 8 2022"]
[White "Bilan, Danila"]
[Black "San, Thit Lwin"]
[WhiteFideId "24161918"]
[BlackFideId "13001272"]
[WhiteElo "2164"]
[BlackElo "2232"]
[Result "1-0"]
[Round "01"]
[TimeControl "180+1"]
[Date "2022.02.08"]
[WhiteClock "0:00:17"]
[BlackClock "0:00:14"]

1. d4 Nf6 2. Nf3 c5 3. e3 e6 4. Bd3 d5 5. c3 Nc6 6. O-O Bd6 7. Nbd2 Qc7 8. dxc5 Bxc5 9. e4 b6 10. exd5 Nxd5 11. Qc2 Bb7 12. Ne4 Be7 13. Bg5 h6 14. Bxe7 Ncxe7 15. Rad1 O-O 16. Ng3 Rac8 17. Qb1 Rfd8 18. Rfe1 Nf4 19. Be4 Ned5 20. Rd2 Nf6 21. Bxb7 Qxb7 22. Red1 Qc7 23. Ne4 N6d5 24. a3 b5 25. Ng3 Nb6 26. Rd4 Nc4 27. Qc1 g5 28. h4 f6 29. hxg5 hxg5 30. Qc2 Kg7 31. a4 a6 32. axb5 axb5 33. Ne2 Rxd4 34. Rxd4 Nxe2+ 35. Qxe2 Kf7 36. Qd3 Rh8 37. Rd7+ Qxd7 38. Qxd7+ 1-0


[Site "https://www.chess.com"]

[Event "Early Titled Tuesday Blitz | February 8 2022"]
[White "Bocharov, Dmitry"]
[Black "Srebrnic, Marko"]
[WhiteFideId "4138716"]
[BlackFideId "14603616"]
[WhiteElo "2541"]
[BlackElo "2340"]
[Result "1-0"]
[Round "01"]
[TimeControl "180+1"]
[Date "2022.02.08"]
[WhiteClock "0:01:25"]
[BlackClock "0:00:27"]

1. d4 Nf6 2. c4 g6 3. g3 Bg7 4. Bg2 O-O 5. Nc3 d6 6. Nf3 Nbd7 7. O-O a6 8. e4 e5 9. Qc2 b5 10. Rd1 b4 11. Nd5 a5 12. Bg5 c6 13. dxe5 cxd5 14. exf6 Bxf6 15. Bxf6 Nxf6 16. cxd5 Re8 17. Nd4 Bd7 18. Nc6 Qb6 19. Rac1 Rac8 20. Qd3 Ng4 21. Qd4 Qxd4 22. Nxd4 f5 23. exf5 Bxf5 24. Rc6 Ne5 25. Rxd6 Nc4 26. Nxf5 gxf5 27. Ra6 Nxb2 28. Rb1 Nc4 29. d6 Rcd8 30. Bd5+ 1-0


[Site "https://www.chess.com"]

[Event "Early Titled Tuesday Blitz | February 8 2022"]
[White "Bodnaruk, Anastasia"]
[Black "Dejmek, Mark"]
[WhiteFideId "4181751"]
[BlackFideId "2017628"]
[WhiteElo "2393"]
[BlackElo "2200"]
[Result "1-0"]
[Round "01"]
[TimeControl "180+1"]
[Date "2022.02.08"]
[WhiteClock "0:00:45"]
[BlackClock "0:00:01"]

1. e4 e5 2. Nf3 Nc6 3. Bb5 a6 4. Ba4 Nf6 5. O-O Be7 6. Re1 b5 7. Bb3 d6 8. a4 Rb8 9. c3 O-O 10. h3 Nd7 11. d4 Bf6 12. axb5 axb5 13. d5 Ne7 14. Nbd2 Ng6 15. Nf1 Nc5 16. Bc2 b4 17. Ng3 bxc3 18. bxc3 Nf4 19. Nf5 g6 20. Nh6+ Kg7 21. Ng4 Bxg4 22. hxg4 g5 23. g3 Ng6 24. Kg2 Rh8 25. Rh1 h6 26. Nd2 Qd7 27. Nc4 Rh7 28. Ne3 Rbh8 29. Nf5+ Kg8 30. Ra8+ Nf8 31. Qf3 c6 32. Be3 cxd5 33. exd5 Qb7 34. Re8 e4 35. Bxe4 Nxe4 36. Qxe4 Bxc3 37. Bd4 Bxd4 38. Qxd4 f6 39. Qxf6 Qxd5+ 40. f3 Qf7 41. Ne7+ 1-0


[Site "https://www.chess.com"]

[Event "Early Titled Tuesday Blitz | February 8 2022"]
[White "Bommini, Mounika Akshaya"]
[Black "Saravana, Krishnan P."]
[WhiteFideId "25019872"]
[BlackFideId "5018382"]
[WhiteElo "1671"]
[BlackElo "2210"]
[Result "0-1"]
[Round "01"]
[TimeControl "180+1"]
[Date "2022.02.08"]
[WhiteClock "0:00:02"]
[BlackClock "0:00:37"]

1. d4 Nf6 2. c4 g6 3. Nc3 Bg7 4. e4 d6 5. f4 O-O 6. Nf3 c5 7. d5 Bg4 8. h3 Bxf3 9. Qxf3 a6 10. Bd3 b5 11. cxb5 axb5 12. Nxb5 Na6 13. Bd2 Nd7 14. Bc3 Nb4 15. Bxg7 Kxg7 16. O-O Nxa2 17. Bc4 Nb4 18. Qc3+ f6 19. Rxa8 Qxa8 20. Nc7 Qb8 21. Ne6+ Kg8 22. Nxf8 Qxf8 23. Ra1 Qh6 24. Ra8+ Kf7 25. Bb5 Nf8 26. Qg3 Nc2 27. Qg4 Nd4 28. Bc4 f5 29. exf5 gxf5 30. Qg3 Ng6 31. Ra7 Nxf4 32. Qe1 Nxh3+ 33. gxh3 Nf3+ 34. Kf2 Nxe1 0-1


[Site "https://www.chess.com"]

[Event "Early Titled Tuesday Blitz | February 8 2022"]
[White "Brodowski, Piotr"]
[Black "Marcziter, Dmitrii"]
[WhiteFideId "1124480"]
[BlackFideId "13900765"]
[WhiteElo "2422"]
[BlackElo "2155"]
[Result "1-0"]
[Round "01"]
[TimeControl "180+1"]
[Date "2022.02.08"]
[WhiteClock "0:00:24"]
[BlackClock "0:00:18"]

1. c4 e5 2. Nc3 Nc6 3. Nf3 d6 4. d4 exd4 5. Nxd4 Nf6 6. g3 g6 7. Bg2 Bd7 8. O-O Bg7 9. h3 O-O 10. Be3 Re8 11. Rc1 a6 12. Qd2 Rb8 13. b3 Nxd4 14. Bxd4 b5 15. c5 dxc5 16. Bxc5 Bf5 17. Qf4 Nh5 18. Qf3 Nf6 19. Rfd1 Qc8 20. Ba7 Ne4 21. Nd5 Rb7 22. Bd4 c5 23. Bxg7 Kxg7 24. g4 Bd7 25. Qf4 Qb8 26. Qxb8 Rbxb8 27. Nc7 Bc6 28. Nxe8+ Rxe8 29. e3 f5 30. gxf5 gxf5 31. Bxe4 Bxe4 32. Rxc5 Re6 33. Kh2 Kf6 34. Rc7 h6 35. Rcd7 Bf3 36. R1d6 Ke5 37. Rxe6+ Kxe6 38. Ra7 Ke5 39. Rxa6 h5 40. Rb6 Be2 41. a4 bxa4 42. bxa4 Ke4 43. a5 Kf3 44. Kg1 h4 45. Rb4 Bd3 46. Rb6 f4 47. a6 fxe3 48. fxe3 Bxa6 49. Rxa6 Kxe3 50. Ra4 1-0


[Site "https://www.chess.com"]

[Event "Early Titled Tuesday Blitz | February 8 2022"]
[White "Buscar, Michael"]
[Black "Vignesh, N R"]
[WhiteFideId "2603616"]
[BlackFideId "25012215"]
[WhiteElo "2010"]
[BlackElo "2395"]
[Result "1-0"]
[Round "01"]
[TimeControl "180+1"]
[Date "2022.02.08"]
[WhiteClock "0:00:20"]
[BlackClock "0:00:30"]

1. c4 e5 2. Nc3 Nf6 3. Nf3 Nc6 4. g3 d5 5. cxd5 Nxd5 6. Bg2 Nb6 7. d3 Be7 8. O-O O-O 9. Be3 Be6 10. Rc1 f6 11. Nd2 Qd7 12. Re1 Kh8 13. Nb3 Nd5 14. Bc5 Nxc3 15. Rxc3 Bd5 16. Bxe7 Nxe7 17. Nc5 Qb5 18. Qc1 Bxg2 19. Kxg2 b6 20. a4 Qc6+ 21. Ne4 Qd5 22. Rxc7 Rac8 23. Qc4 Rxc7 24. Qxc7 Nc6 25. f3 f5 26. Qd6 Qxd6 27. Nxd6 f4 28. Rc1 Nd4 29. Kf2 h5 30. Rc8 Kg8 31. b4 a5 32. b5 Ne6 33. Rc6 Nc5 34. Rxb6 Nxa4 35. Ra6 1-0


[Site "https://www.chess.com"]